 Dungeon Crawl Stone Soup version 0.31-a0-795-g5eb97db20b (webtiles) character file.

Game seed: 15249405134285790430

49 demibob the Poker (level 3, -12/29 HPs)
             Began as a Merfolk Chaos Knight on Sept 19, 2023.
             Was a Plaything of Xom.
             Mangled by a faun (glowing shapeshifter) (17 damage)
             ... on level 1 of the Dungeon.
             The game lasted 00:01:10 (657 turns).

demibob the Poker (Merfolk Chaos Knight)             Turns: 657, Time: 00:01:11

Health: -12/29     AC:  5    Str: 12    XL:     3   Next: 77%
Magic:  3/3        EV: 13    Int: 11    God:    Xom [..*...]
Gold:   59         SH:  0    Dex: 15    Spells: 2/2 levels left

rFire   . . .        a - +0 spear (chaos)
rCold   . . .        (no shield)
rNeg    . . .        b - +2 leather armour
rPois   .            (no helmet)
rElec   .            (no cloak)
rCorr   .            (no gloves)
SInv    .            (no boots)
Will    .....        (no amulet)
Stlth   +            (no ring)
HPRegen 0.24/turn    (no ring)
MPRegen 0.08/turn

%: no passive effects
@: attractive
A: (nimble swimmer 2), mertail
a: Renounce Religion


You were on level 1 of the Dungeon.
You worshipped Xom.
You were a toy of Xom.
You visited 1 branch of the dungeon, and saw 1 of its levels.

You collected 59 gold pieces.


Innate Abilities, Weirdness & Mutations

((You are very nimble when in or above water. (Stealth+, EV+, Speed+++)))
Your lower body shifts to a powerful aquatic tail in water.


   Skills:
 - Level 3.2 Fighting
 + Level 5.1 Polearms
 - Level 0.6 Armour
 + Level 4.2 Dodging


You had 2 spell levels left.
You didn't know any spells.
Your spell library contained the following spells:

 Spells                   Type           Power      Damage    Failure   Level
 Dazzling Flash           Conj/Hex       0%         N/A       80%         3
 Volatile Blastmotes      Fire/Tloc      0%         2d10      80%         3
 Starburst                Conj/Fire      0%         6d3       100%        6
 Maxwell's Capacitive Co  Air            0%         ∞         100%        8

Inventory:

Hand Weapons
 a - a +0 spear of chaos (weapon)
Armour
 b - a +2 leather armour (worn)
Jewellery
 N - a ring of positive energy
 T - a +4 ring of protection

Dungeon Overview and Level Annotations

Branches:
Dungeon (1/15)

Altars:

############### ###############
*** #######.###########.#
#######bb.......))..#
#######b###########.#
#######b####### *,* ########
#######c####### *,*
)......#########@####### *,*
...............#.#######****,*
........######.#...#....,,,,,*
........######.###.#.###******
..).......####.###.#.###
........#....).###.#.###
........#........#.#.###
..).....#.##.#.#[....###########
........#.##.#...#.............#


You could see a faun shaped shifter (agile, ally target).


Message History

Your butterfly disappears in a burst of colours!
The faun is attracted toward you. The faun is attracted toward you.
You aren't carrying any potions.
You hit the faun.
The faun suddenly seems more agile.
The faun is lightly wounded.
The faun hits you!
Ouch! That really hurt!
* * * LOW HITPOINT WARNING * * *
You hit the faun but do no damage.
The faun is lightly wounded.
Xom almost notices you.
Your +4 ring of protection falls out of your pack, then immediately jumps back in!
The faun misses you.
As you read the scroll labelled FOVIG ZUEKH, it crumbles to dust.
Your body is wracked with pain!
* * * LOW HITPOINT WARNING * * *
The faun convulses!
It was a scroll of torment.
The faun misses you.
As you read the scroll labelled URUQEL VIMURY, it crumbles to dust.
You feel aware of your surroundings.
It was a scroll of revelation.
Xom smirks.
You detect nothing.
The faun hits you but does no damage.
You aren't carrying any potions.
Unknown command.
You hit the faun. You burn the faun.
The faun is heavily wounded.
The faun hits you!
Ouch! That really hurt!
You die...
Xom guffaws!

Skill      XL: |  1  2  3 |
---------------+----------+-----
Dodging        | 3 4 |  4.2
Polearms       | 5 |  5.1
Fighting       | |  3.2
Armour         | |  0.6

Action                     || total
---------------------------++-------
  Melee: Spear             ||    61
    Use: Scroll            ||     3
         Potion            ||     1
   Stab: Sleeping          ||     1
 Armour: Leather armour    ||    23
  Dodge: Dodged            ||    26

Levels and vault maps discovered:
D:1:      wander_arrival_estate, layout_basic

Notes
Turn   | Place    | Note
-------+----------+-------------------------------------------
     0 | D:1      | demibob the Merfolk Chaos Knight began the quest for the
                  | Orb.
     0 | D:1      | Reached XP level 1. HP: 18/18 MP: 1/1
    46 | D:1      | Reached skill level 3 in Dodging
    52 | D:1      | Reached XP level 2. HP: 20/24 MP: 2/2
    53 | D:1      | XOM: silly message
    56 | D:1      | Reached XP level 3. HP: 26/29 MP: 3/3
   140 | D:1      | Reached skill level 5 in Polearms
   140 | D:1      | Reached skill level 4 in Dodging
   315 | D:1      | XOM: divination: magic mapping
   637 | D:1      | a dart slug changed into a glowing shapeshifter
   637 | D:1      | Noticed a glowing shapeshifter (glowing shapeshifter)
   637 | D:1      | a glowing shapeshifter changed into a merfolk
   637 | D:1      | Noticed a merfolk (glowing shapeshifter)
   639 | D:1      | a merfolk changed into a sea snake
   639 | D:1      | Noticed a sea snake (glowing shapeshifter)
   640 | D:1      | a sea snake changed into a glowing orange brain
   640 | D:1      | Noticed a glowing orange brain (glowing shapeshifter)
   641 | D:1      | a glowing orange brain changed into a faun
   641 | D:1      | Noticed a faun (glowing shapeshifter)
   654 | D:1      | XOM: silly message
   656 | D:1      | XOM: divination: detect items
   657 | D:1      | Mangled by a faun (glowing shapeshifter)

Vanquished Creatures
  3 gnolls (D:1)
  3 bats (D:1)
  An endoplasm (D:1)
  4 hobgoblins (D:1)
  A ball python (D:1)
  5 kobolds (D:1)
  4 rats (D:1)
21 creatures vanquished.

Vanquished Creatures (others)
  A rat zombie (D:1)
1 creature vanquished.

Grand Total: 22 creatures vanquished

Table legend: (Time is in decaauts)
 A = Elapsed time spent in this place.
 B = Non-inter-level travel time spent in this place.
 C = Inter-level travel time spent in this place.
 D = Time resting spent in this place.
 E = Time spent auto-exploring this place.
 F = Levels seen in this place.
 G = Mean time per level.
                   A        B        C        D        E       F      G
               +--------+--------+--------+--------+--------+-----+--------+
         Total |    648 |    648 |      0 |      0 |    517 |   1 |  648.0 |
       Dungeon |    648 |    648 |      0 |      0 |    517 |   1 |  648.0 |
               +--------+--------+--------+--------+--------+-----+--------+

Top non-repeatable levels by time:
     D:1: 648 daAuts

Table legend:
 A = Non-vault XP
 B = Vault XP
 C = Vault XP percentage of total XP
 D = Non-vault monster count
 E = Vault monster count
 F = Vault count percentage of total count
                 A         B        C        D         E       F
            +---------+---------+-------+---------+---------+-------
      Total |      71 |       0 |   0.0 |      21 |       0 |   0.0
            +---------+---------+-------+---------+---------+-------
        D:1 |      71 |       0 |   0.0 |      21 |       0 |   0.0
            +---------+---------+-------+---------+---------+-------
